AoeStats
← danjo

QS Arena

503339029Analyzed
1v1 RM · 1mo ago on Aug 31, 2026· 39m 6s· 2 players
Game mode
Random Map
Map size
Tiny (2 player)
Population
200
Speed
Normal
Resources
Standard
Victory
Conquest
Starting age
Dark Age
Ending age
Imperial Age
RankedLock teamsTeams togetherTeam positionsShared explorationLock speedFull tech treeHidden civsTurbo modeCheats
Victory
Defeat
🇨🇳 Franks · China
1045
+13
🇩🇪 Spanish · Germany
983
-13
我叫徐海怪
7:51 Feudal Age
8:18 Feudal Age
9:44 Double-Bit Axe
12:47 Castle Age
14:21 Forging
17:33 Wheelbarrow
27:48 Imperial Age
25:22 Gold Mining
26:39 Gold Shaft Mining
26:16 Forging
26:12 Scale Barding Armor
25:59 Fletching
25:32 Elite Skirmisher
26:39 Husbandry
26:43 Padded Archer Armor
27:53 Iron Casting
27:38 Chain Barding Armor
27:46 Ballistics
28:04 Bow Saw
29:37 Chemistry
29:00 Conscription
28:17 Cavalier
30:20 Blast Furnace
29:37 Leather Archer Armor
30:12 Plate Barding Armor
29:41 Bodkin Arrow
30:52 Hand Cart
30:23 Loom
31:08 Paladin
danjo
8:13 Feudal Age
12:37 Castle Age
21:50 Horse Collar
27:50 Imperial Age
25:08 Double-Bit Axe
25:50 Scale Mail Armor
25:32 Pikeman
26:51 Loom
28:29 Forging
28:59 Conscription
28:52 Gold Mining
29:40 Squires
29:44 Husbandry
31:17 Chain Mail Armor
32:16 Arson
32:17 Halberdier
32:51 Fletching
34:47 Bloodlines
34:56 Scale Barding Armor
35:04 Light Cavalry
37:35 Chain Barding Armor
37:51 Iron Casting
Connection lost

Rejoining the realm…

Still unreachable

The connection could not be restored.

Session expired

The server has moved on; the page needs a fresh start.